 Dungeon Crawl Stone Soup version 0.27-a0-887-gcab673c142 (webtiles) character file.

Game seed: 14429300873494325677

47 frogmouthbird the Chopper (level 3, -4/31 HPs)
             Began as a Hill Orc Fighter on Apr 3, 2021.
             Slain by Sigmund
             ... wielding a +0 scythe
              (8 damage)
             ... on level 2 of the Dungeon.
             The game lasted 00:02:13 (1123 turns).

frogmouthbird the Chopper (Hill Orc Fighter)        Turns: 1123, Time: 00:02:14

Health: -4/31      AC:  6    Str: 18    XL:     3   Next: 70%
Magic:  3/3        EV: 11    Int:  9    God:
Gold:   46         SH:  9    Dex: 10    Spells: 2/2 levels left

rFire    . . .     SeeInvis .   b - +1 broad axe (vorpal)
rCold    . . .     Faith    .   c - +0 kite shield
rNeg     . . .     Spirit   .   e - +0 scale mail
rPois    .         Reflect  .   (no helmet)
rElec    .         Harm     .   (no cloak)
rCorr    .         Rampage  .   (no gloves)
Will     .....                  (no boots)
Stlth    ..........             (no amulet)
HPRegen  0.10/turn              i - +4 ring of evasion
MPRegen  0.08/turn              (no ring)

@: mighty
A: no striking features
a: no special abilities


You were on level 2 of the Dungeon.
You visited 1 branch of the dungeon, and saw 2 of its levels.

You collected 46 gold pieces.

Inventory:

Hand Weapons
 a - a +0 war axe of flaming
 b - a +1 vorpal broad axe (weapon)
Armour
 c - a +0 kite shield (worn)
 e - a +0 scale mail (worn)
Jewellery
 i - a +4 ring of evasion (left hand)


   Skills:
 - Level 3.6 Fighting
 * Level 5.3 Axes
 - Level 3.2 Armour
 - Level 3.2 Shields


You had 2 spell levels left.
You didn't know any spells.
Your spell library was empty.

Dungeon Overview and Level Annotations

Branches:
Dungeon (2/15)

Altars:

Annotations:
D:2 Sigmund


Message History

Are you sure you want to stumble around while confused and next to your kobold? [Y]es or [N]o only, please.
Are you sure you want to stumble around while confused and next to your kobold?
Your bat hits something but does no damage.
The adder bites you but does no damage. Something hits you!
The adder misses you.
Are you sure you want to stumble around while confused and next to your bat?
You slash the adder!
You kill the adder!
You miss the kobold.
Your bat hits something but does no damage.
Something hits you! The kobold hits you but does no damage.
Your rat closely misses something.
Your bat hits the kobold but does no damage.
Something hits you.
* * * LOW HITPOINT WARNING * * *
The kobold hits your bat with a +0 club.
Your bat dies!
Your bat's corpse dissolves into shadows!
The kobold shouts!
Unknown command.
Are you sure you want to stumble around while confused and next to your kobold?
Okay, then.
Are you sure you want to stumble around while confused and next to your kobold?
You slice the kobold!!
You kill the kobold!
You feel less confused.
Your rat seems less confused.
Something hits you.
* * * LOW HITPOINT WARNING * * *
Something hits you.
* * * LOW HITPOINT WARNING * * *
Unknown command.
Things that are here:
a +0 club; 2 stones; a kobold corpse Unknown command.
You aren't carrying any potions.
Unknown command.
Your kobold closely misses something.
Something hits you!
You die...

############
...........#######
..................
........K...).....
...(...)r{........
........@..########
...................
...................
...................
.................##
###
...(.............#
#<#
.................#
#†#
.########.......#
#.#
########.......##


You could see a friendly kobold (summoned) and a friendly rat (summoned).

Vanquished Creatures
  2 adders (D:2)
  9 endoplasms
  A giant cockroach (D:1)
  2 goblins (D:1)
  3 hobgoblins (D:1)
  3 ball pythons
  2 bats (D:2)
  3 kobolds
  A rat (D:1)
26 creatures vanquished.

Notes
Turn   | Place    | Note
-------+----------+-------------------------------------------
     0 | D:1      | frogmouthbird the Hill Orc Fighter began the quest for the
                  | Orb.
     0 | D:1      | Reached XP level 1. HP: 19/19 MP: 1/1
    20 | D:1      | Reached skill level 3 in Axes
   211 | D:1      | Reached XP level 2. HP: 26/26 MP: 2/2
   368 | D:1      | Reached skill level 4 in Axes
   951 | D:1      | Reached XP level 3. HP: 28/31 MP: 3/3
  1018 | D:2      | Identified a scroll of acquirement
  1080 | D:2      | Reached skill level 5 in Axes
  1098 | D:2      | Noticed Sigmund
  1101 | D:2      | Acquired a +1 vorpal broad axe
  1123 | D:2      | Slain by Sigmund

Illustrated notes

Levels and vault maps discovered:
D:1:      minmay_arrival_up_and_down, layout_basic, minmay_fountain_box
D:2:      layout_basic, basic_ecumenical_altar, minmay_gold_behind_fungi,
          lemuel_old_faithful, uniq_sigmund

Skill      XL: |  1  2  3 |
---------------+----------+-----
Axes           | 3 4 5 |  5.3
Fighting       | |  3.6
Armour         | |  3.2
Shields        | |  3.2

Action                   || total
-------------------------++-------
Melee: War axe           ||    57
       Broad axe         ||     5
  Use: Scroll            ||     5
       Potion            ||     1
Armor: Scale mail        ||    34
Dodge: Dodged            ||    36
Block: Kite shield       ||    28

Table legend: (Time is in decaauts)
 A = Elapsed time spent in this place.
 B = Non-inter-level travel time spent in this place.
 C = Inter-level travel time spent in this place.
 D = Time resting spent in this place.
 E = Time spent auto-exploring this place.
 F = Levels seen in this place.
 G = Mean time per level.
                   A        B        C        D        E       F      G
               +--------+--------+--------+--------+--------+-----+--------+
         Total |   1155 |   1120 |     35 |      0 |    934 |   2 |  577.5 |
       Dungeon |   1155 |   1120 |     35 |      0 |    934 |   2 |  577.5 |
               +--------+--------+--------+--------+--------+-----+--------+

Top non-repeatable levels by time:
     D:1: 1038 daAuts
     D:2: 116 daAuts
